 Dungeon Crawl Stone Soup version 0.27-a0-1308-gc08437e49b (webtiles) character file.

Game seed: 4500584383656668332

352 spiderkeys the Skirmisher (level 6, -1/43 HPs)
             Began as an Octopode Abyssal Knight on June 19, 2021.
             Was a Follower of Lugonu.
             Slain by an ogre (27 damage)
             ... on level 3 of the Dungeon.
             The game lasted 00:04:11 (3114 turns).

spiderkeys the Skirmisher (Octopode Abyssal Knight) Turns: 3114, Time: 00:04:12

Health: -1/43      AC:  1    Str: 12    XL:     6   Next: 61%
Magic:  9/9        EV: 14    Int: 16    God:    Lugonu [*.....]
Gold:   146        SH:  0    Dex: 11    Spells: 7/7 levels left

rFire    + . .     SeeInvis .   a - +2 spear
rCold    . . .     Faith    .   (no shield)
rNeg     . . .     Spirit   .   (helmet restricted)
rPois    .         Reflect  .   (no amulet)
rElec    .         Harm     .   F - ring of protection from fire
rCorr    .         Rampage  .   (no ring)
Will     .....                  (no ring)
Stlth    ++........             (no ring)
HPRegen  0.14/turn              (no ring)
MPRegen  0.11/turn              (no ring)
                                (no ring)
                                (no ring)

@: no status effects
A: almost no armour, amphibious, 8 rings, camouflage 1, gelatinous body 1,
(nimble swimmer 1), tentacles
a: Renounce Religion, Depart the Abyss


You were on level 3 of the Dungeon.
You worshipped Lugonu.
Lugonu was aware of your devotion.
You visited 1 branch of the dungeon, and saw 4 of its levels.
You visited the Abyss 1 time.

You collected 146 gold pieces.


Innate Abilities, Weirdness & Mutations

You cannot wear most types of armour.
You are amphibious.
You can wear up to eight rings at the same time.
Your skin changes colour to match your surroundings (Stealth+).
Your rubbery body absorbs attacks. (AC +1, EV +1)
((You are camouflaged near water. (Stealth+)))
You have tentacles for arms and can constrict up to eight enemies at once.


   Skills:
 - Level 4.2 Fighting
 - Level 3.4 Polearms
 + Level 4.0 Dodging
 * Level 1.2 Spellcasting
 + Level 4.0 Invocations


You had 7 spell levels left.
You didn't know any spells.
Your spell library was empty.

Inventory:

Hand Weapons
 a - a +2 spear (weapon)
Missiles
 c - 29 arrows
 e - 78 stones
 l - 4 poisoned darts
Jewellery
 A - an amulet of the acrobat
   (You found it on level 3 of the Dungeon)
 F - a ring of protection from fire (left tentacle)
   (You found it on level 1 of the Dungeon)
Scrolls
 i - a scroll of identify {@r1}
 k - a scroll of teleportation {unknown}
Potions
 b - 2 potions of cancellation
 f - a potion of invisibility
 g - a potion of brilliance {unknown}
 h - a potion of attraction {unknown}
 j - 2 potions of curing {unknown}

Dungeon Overview and Level Annotations

Branches:
Dungeon (4/15)
 Temple: D:4-7

Altars:

...# #...........#.......##....
...#####...........#.......###..#
....†..............#.......###...
##.................#...##...##.##
#.................#.#.##...##.#
#.................#.#.##...##.#
#...................#.##...##.#
#.................###..#...##.##
###......######@######.#........
#......# #...O................
####......# #..........#.........
..........###..........#.........
...............[.......#.........
......##.............).##.##.....
......##...............##..#.....
......##..............[###.#.....
......##...............# #.......


You could see an ogre (poisoned).


Message History

Done exploring.
Things that are here:
a +0 hand axe; a +0 leather armour You see here a +0 short sword.
There is a stone staircase leading down here.
You climb downwards.
An orc, an ogre, a necrophage and a dart slug come into view.
The orc is wielding a +1 vorpal flail.
The orc shouts!
There is a stone staircase leading up here.
The ogre completely misses you.
You climb upwards.
There is a stone staircase leading down here.
Items here: )))) [[.
There is a stone staircase leading down here.
You see here a +0 short sword.
There is a stone staircase leading down here.
You climb downwards.
An iguana and an ogre come into view.
There is a stone staircase leading up here.
Press: ? - help, v - describe, . - travel, g - get item Item here: a steaming hunting sling.
The floor.
Throw: 11 darts (poison)
Press: ? - help, Shift-Dir - straight line, f - iguana
Aim: an iguana (asleep, 98% to hit)
You throw a poisoned dart. The poisoned dart hits the iguana.
The iguana is poisoned.
The iguana hisses angrily.
The ogre shouts!
Throw: 10 darts (poison)
Press: ? - help, Shift-Dir - straight line, f/p - iguana
Aim: an iguana (poisoned, 61% to hit)
You throw a poisoned dart. The poisoned dart hits the iguana.
The iguana looks even sicker.
The iguana bites you!
You climb upwards.
There is a stone staircase leading down here. 😕 HP[-9]
You take 9 damage, and now have 34/43 hp.
MASSIVE DAMAGE!! (PAUSE)
You hit the iguana but do no damage. You grab the iguana.
You constrict the iguana. The iguana completely misses you.
You hit the iguana but do no damage. You squeeze the iguana!
You constrict the iguana, but do no damage.
You kill the iguana!
Lugonu accepts your kill.
You start resting. 😎 HP[+9]
Your hp is fully restored (43).
You climb downwards.
The ogre closely misses you.
There is a stone staircase leading up here.
The ogre closely misses you.
You climb upwards.
There is a stone staircase leading down here.
Okay, then.
Unknown command.
Okay, then.
Okay, then.
Throw: 9 darts (poison)
Press: ? - help, Shift-Dir - straight line, f - ogre
Aim: an ogre, wielding a +0 giant club (73% to hit)
You throw a poisoned dart. The poisoned dart hits the ogre.
The ogre misses you.
Throw: 8 darts (poison)
Press: ? - help, Shift-Dir - straight line, f/p - ogre
Aim: an ogre, wielding a +0 giant club (73% to hit)
You throw a poisoned dart. The poisoned dart hits the ogre.
The ogre is poisoned.
Throw: 7 darts (poison)
Press: ? - help, Shift-Dir - straight line, f/p - ogre
Aim: an ogre, wielding a +0 giant club (poisoned, 73% to hit)
You throw a poisoned dart. The poisoned dart hits the ogre.
The ogre looks even sicker.
The ogre barely misses you.
Throw: 6 darts (poison)
Press: ? - help, Shift-Dir - straight line, f/p - ogre
Aim: an ogre, wielding a +0 giant club (very poisoned, 73% to hit)
You throw a poisoned dart. The poisoned dart hits the ogre.
The ogre looks even sicker.
The ogre hits you with a +0 giant club!!
Ouch! That really hurt!
* * * LOW HITPOINT WARNING * * *
😨 HP[-22]
You take 22 damage, and now have 21/43 hp.
MASSIVE DAMAGE!! (PAUSE) 😮 HP[+1] 😮 HP[+1]
The ogre looks more healthy. 😮 HP[+1] 😮 HP[+1] 😮 HP[+1] Throw: 5 darts (poison)
Press: ? - help, Shift-Dir - straight line, f/p - ogre
Aim: an ogre, wielding a +0 giant club (heavily wounded, 73% to hit)
You throw a poisoned dart. The poisoned dart hits the ogre.
The ogre is poisoned.
The ogre hits you with a +0 giant club!!
Ouch! That really hurt!
You die...

Skill      XL: |  1  2  3  4  5  6 |
---------------+-------------------+-----
Polearms       | 3 |  3.4
Dodging        | 3 4 |  4.0
Invocations    | 3 4 |  4.0
Fighting       | 4 |  4.2
Spellcasting   | 1 |  1.2

Action                   |  1- 3 |  4- 6 || total
-------------------------+-------+-------++-------
Melee: Spear             |     1 |   150 ||   151
       Constrict         |       |    33 ||    33
       Tentacles         |       |    20 ||    20
Throw: Dart              |       |     7 ||     7
Invok: Depart the Abyss  |       |     1 ||     1
  Use: Scroll            |     4 |     4 ||     8
       Potion            |       |     2 ||     2
 Stab: Sleeping          |       |    12 ||    12
       Invisible         |       |     2 ||     2
Armor: Skin              |       |     7 ||     7
Dodge: Dodged            |       |    62 ||    62

Levels and vault maps discovered:
D:1:      noname_arrival_rooms_in_the_neighbourhood, layout_loops_cross,
          minmay_misc_feat_rows, minmay_splitting_lines
D:2:      layout_basic, lexackson_kobold_supper
D:3:      layout_basic
D:4:      layout_layer_cave

Notes
Turn   | Place    | Note
-------+----------+-------------------------------------------
     0 | Abyss:1  | spiderkeys the Octopode Abyssal Knight began the quest for
                  | the Orb.
     0 | Abyss:1  | Reached XP level 1. HP: 16/16 MP: 2/2
     0 | Abyss:1  | magus.rc [v1.9.10]
    91 | Abyss:1  | Noticed a large abomination
   100 | Abyss:1  | Killed a large abomination
   101 | Abyss:1  | Reached skill level 3 in Polearms
   101 | Abyss:1  | Reached skill level 3 in Dodging
   101 | Abyss:1  | Reached skill level 3 in Invocations
   101 | Abyss:1  | Reached XP level 2. HP: 22/22 MP: 2/4
   101 | Abyss:1  | Reached XP level 3. HP: 27/27 MP: 2/5
   101 | Abyss:1  | Reached XP level 4. HP: 33/33 MP: 2/6
   101 | Abyss:1  | Reached XP level 5. HP: 37/37 MP: 2/7
   107 | Abyss:1  | Noticed a wretched star
   136 | Abyss:1  | Noticed a large abomination
   139 | D:1      | You pass through the gate.
   139 | D:1      | Escaped the Abyss
   359 | D:1      | Reached skill level 4 in Fighting
   488 | D:1      | Reached * piety under Lugonu
  1256 | D:2      | Reached XP level 6. HP: 38/43 MP: 8/8
  2488 | D:3      | HP: 10/43 [something (5)]
  2495 | D:3      | HP: 10/43 [something (4)]
  2499 | D:3      | HP: 4/43 [something (3)]
  2504 | D:3      | HP: 3/43 [something (2)]
  2507 | D:3      | Reached skill level 1 in Spellcasting
  2509 | D:3      | Reached skill level 4 in Invocations
  2511 | D:3      | Reached skill level 4 in Dodging
  2948 | D:4      | Noticed a necrophage
  3114 | D:3      | Slain by an ogre

Vanquished Creatures
  An iguana (D:3)
  2 orc wizards (D:3)
  3 gnolls (D:2)
  An adder (D:2)
  A worm (D:2)
  3 dart slugs
  6 orcs (D:3)
  An endoplasm (D:1)
  5 goblins
  A hobgoblin (D:2)
  4 jackals (D:2)
  3 ball pythons
  3 bats
  4 frilled lizards
  12 kobolds
  6 rats
56 creatures vanquished.

Vanquished Creatures (collateral kills)
  A large abomination (Abyss:1)
1 creature vanquished.

Vanquished Creatures (others)
  5 plants (D:2)
5 creatures vanquished.

Grand Total: 62 creatures vanquished

Table legend:
 A = Non-vault XP
 B = Vault XP
 C = Vault XP percentage of total XP
 D = Non-vault monster count
 E = Vault monster count
 F = Vault count percentage of total count
                 A         B        C        D         E       F
            +---------+---------+-------+---------+---------+-------
      Total |     493 |      10 |   2.0 |      49 |       8 |  14.0
            +---------+---------+-------+---------+---------+-------
        D:1 |      27 |       0 |   0.0 |      15 |       0 |   0.0
        D:2 |      88 |      10 |  10.2 |      20 |       8 |  28.6
        D:3 |     133 |       0 |   0.0 |      13 |       0 |   0.0
    Abyss:1 |     245 |       0 |   0.0 |       1 |       0 |   0.0
            +---------+---------+-------+---------+---------+-------

Illustrated notes

Table legend:
 A = Kills in this place as a percentage of kills in entire the game.
 B = Kills by you in this place as a percentage of kills by you in the entire game.
 C = Kills by friends in this place as a percentage of kills by friends in the entire game.
 D = Other kills in this place as a percentage of other kills in the entire game.
 E = Experience gained in this place as a percentage of experience gained in the entire game.
 F = Experience gained in this place divided by the number of levels of this place that you have seen.
                   A       B       C       D       E      F
               +-------+-------+-------+-------+-------+----------------------
         Total | 100.0 | 100.0 | 100.0 |   N/A | 100.0 | 100.6
       Dungeon |  98.2 | 100.0 |   0.0 |   N/A |  51.3 |  64.5
         Abyss |   1.8 |   0.0 | 100.0 |   N/A |  48.7 | 245.0
               +-------+-------+-------+-------+-------+----------------------

Table legend: (Time is in decaauts)
 A = Elapsed time spent in this place.
 B = Non-inter-level travel time spent in this place.
 C = Inter-level travel time spent in this place.
 D = Time resting spent in this place.
 E = Time spent auto-exploring this place.
 F = Levels seen in this place.
 G = Mean time per level.
                   A        B        C        D        E       F      G
               +--------+--------+--------+--------+--------+-----+--------+
         Total |   3105 |   2964 |    141 |    497 |   2032 |   5 |  621.0 |
       Dungeon |   2966 |   2825 |    141 |    497 |   1945 |   4 |  741.5 |
         Abyss |    139 |    139 |      0 |      0 |     87 |   1 |  139.0 |
               +--------+--------+--------+--------+--------+-----+--------+

Top non-repeatable levels by time:
     D:2: 1232 daAuts
     D:3: 1093 daAuts
     D:1: 632 daAuts
 Abyss:1: 139 daAuts
     D:4: 8 daAuts
